 Dungeon Crawl Stone Soup version 0.16-a0-2944-g6f1bef2 (webtiles) character file.

18293 Hedron the Brawler (level 12, -7/104 HPs)
             Began as a Troll Monk on Dec 4, 2014.
             Was the Champion of Cheibriados.
             Mangled by a merfolk
             ... wielding a +1 antimagic trident
              (9 damage)
             ... on level 4 of the Lair of Beasts.
             The game lasted 00:42:41 (11743 turns).

Hedron the Brawler (Troll Monk)                    Turns: 11743, Time: 00:42:41

Health: -7/104     AC: 10    Str: 41    XL:     12   Next: 26%
Magic:  2/22       EV: 17    Int: 21    God:    Cheibriados [******]
Gold:   885        SH:  0    Dex: 29    Spells: 0 memorised, 11 levels left

rFire  . . .     SeeInvis .       - Unarmed
rCold  . . .     Clarity  .     y - +0 steam dragon armour
rNeg   + + .     SustAb   .     (shield restricted)
rPois  +         Gourm    +     c - +1 hat
rElec  .         Spirit   .     o - +0 cloak
rCorr  .         Warding  +     (gloves unavailable)
rMut   .         Stasis   .     (boots unavailable)
MR     .....                    q - amulet of warding
Stlth  +++.......               C - ring of poison resistance
                                x - ring of positive energy

@: about to teleport, mesmerised, very slow, not resistant to hostile
enchantments, fairly stealthy
A: unfitting armour, claws 3, agile 1, fast metabolism 3, gourmand, regeneration
2, shaggy fur 1, tough skin 2
a: Bend Time, Temporal Distortion, Slouch, Step From Time, Renounce Religion


You were on level 4 of the Lair of Beasts.
You worshipped Cheibriados.
Cheibriados was exalted by your worship.
You were full.

You visited 3 branches of the dungeon, and saw 14 of its levels.
You also visited: Ossuary.

You collected 885 gold pieces.

Inventory:

Armour
 c - a +1 hat (worn)
 o - a +0 cloak (worn)
 y - a +0 steam dragon armour (worn)
Jewellery
 q - an amulet of warding (around neck)
 x - a ring of positive energy (left claw)
 C - a ring of poison resistance (right claw)
Magical devices
 g - a wand of fire (7)
 k - a wand of polymorph (6)
 r - a wand of disintegration (9)
 u - a wand of magic darts (28)
 A - a wand of lightning (9)
 D - a wand of cold (5)
Scrolls
 d - a scroll of silence
 e - 4 scrolls of remove curse
 i - 4 scrolls of teleportation
 j - 2 scrolls of recharging
 l - a scroll of identify
 t - a scroll of fog
 z - 3 scrolls of magic mapping
Potions
 h - 6 potions of restore abilities
 n - a potion of cure mutation
 p - 4 potions of might
 v - a potion of resistance
Comestibles
 b - 6 meat rations
 f - 12 bread rations
 m - 2 fruits
 s - 5 beef jerkies
 w - 10 slices of pizza


   Skills:
 - Level 2.4 Fighting
 + Level 7.0 Dodging
 - Level 1.1 Stealth
 - Level 15.0 Unarmed Combat
 - Level 10.0 Invocations
 - Level 1.7 Evocations


You had 11 spell levels left.
You didn't know any spells.

Dungeon Overview and Level Annotations

Branches:
Dungeon (9/15)             Temple (1/1) D:7            Lair (4/8) D:9
 Shoals (0/5) Lair:4
  Snake: Lair:3-6    Spider: Lair:3-6       Orc: D:9-12

Altars:
Ashenzari
Cheibriados
Dithmenos
Elyvilon
Fedhas
Gozag
Kikubaaqudgha
Makhleb
Nemelex Xobeh
Okawaru
Qazlal
Ru
Sif Muna
Trog
Vehumet
Xom
Yredelemnul
Zin
The Shining One


Innate Abilities, Weirdness & Mutations

You are too large for most types of armour.
You have claws for hands.
Your metabolism is lightning-fast.
You like to eat raw meat.
You heal very quickly.
You are covered in fur (AC +1).
You have very tough skin (AC +2).
You are agile. (Dex +2)


Message History

The merfolk hits you with an antimagic trident!
* * * LOW HITPOINT WARNING * * *
You feel your power leaking away.
The siren chants its luring song.
Drink which item? (? for menu, Esc to quit)
Okay, then.
Use which ability? (? or * to list)
You don't have enough magic at the moment.
Use which ability? (? or * to list)
Okay, then.
Read which item? (? for menu, Esc to quit)
As you read the scroll of teleportation, it crumbles to dust.
You feel strangely unstable.
The siren hits you from afar with a spear.
* * * LOW HITPOINT WARNING * * *
The merfolk hits you with a trident!!
* * * LOW HITPOINT WARNING * * *
The siren chants its luring song.
The merfolk hits you with an antimagic trident!
You die...

....................#
....................####
.......................#
#.........#####.###....#
##.P#....## ### ##..##
...P.....# ## #.##
.......... #.###..#
......#### ###..#.##
.#.... #m@.(..# ###..#
#≈m≈m#...# # ##
≈≈≈≈≈m..###.P# .#>#..###
..## #...## ... ### ....
##.#.. ##.##


You could see 2 merfolk and 2 sirens.

Vanquished Creatures
  Gastronok (Lair:2)
  3 hydras
  The ghost of Kemay the Transmogrifier, an experienced OpTm of Sif Muna (D:8)
  6 elephants (Lair:4)
  A spiny frog (Lair:1)
  2 black mambas (Lair:1)
  A fire drake (Lair:2)
  3 komodo dragons
  7 blink frogs
  2 basilisks (D:9)
  15 yaks
  A deep elf fighter (D:8)
  2 steam dragons (D:6)
  6 water moccasins
  5 porcupines
  The ghost of Pikaro the Conjurer, an average DECj (D:3)
  3 orc warriors
  5 sky beasts
  5 ogres
  3 centaurs
  6 crocodiles
  A phantom (D:9)
  Sigmund (D:4)
  6 giant frogs
  A gnoll sergeant (D:8)
  A wyvern skeleton (D:8)
  6 scorpions
  An electric eel (Lair:4)
  A goliath beetle (D:8)
  6 orc priests
  A crimson imp (D:5)
  3 jellies
  10 hounds
  A quasit (D:6)
  6 orc wizards
  4 iguanas
  2 worker ants
  A big kobold zombie (Ossuary)
  13 sheep
  Terence (D:3)
  8 mummies (Ossuary)
  2 worker ant zombies
  Robin (D:3)
  12 gnolls
  61 river rats
  2 shadow imps (D:6)
  12 adders
  2 worms
  An ooze (D:6)
  5 giant geckos
  25 orcs
  15 bats
  6 giant cockroaches
  21 goblins
  16 hobgoblins
  15 quokkas
  2 giant gecko zombies
  5 giant newts
  2 hobgoblin zombies (Ossuary)
  6 jackals
  A jackal skeleton (D:6)
  11 kobolds
  3 kobold zombies (Ossuary)
  2 orc zombies (Ossuary)
  A quokka skeleton (D:6)
  10 rats
  A fungus (D:6)
393 creatures vanquished.

Notes
Turn   | Place    | Note
--------------------------------------------------------------
     0 | D:1      | Hedron, the Troll Monk, began the quest for the Orb.
     0 | D:1      | Reached XP level 1. HP: 22/22 MP: 1/1
    71 | D:1      | Reached XP level 2. HP: 29/29 MP: 1/1
   295 | D:1      | Reached skill level 5 in Unarmed Combat
   302 | D:1      | Reached XP level 3. HP: 33/36 MP: 2/2
   798 | D:2      | Reached XP level 4. HP: 44/44 MP: 2/2
  1251 | D:3      | Noticed Pikaro's ghost (average DECj)
  1259 | D:3      | Killed Pikaro's ghost
  1259 | D:3      | Reached skill level 6 in Unarmed Combat
  1259 | D:3      | Reached XP level 5. HP: 34/50 MP: 2/2
  1323 | D:3      | Noticed Robin
  1351 | D:3      | Killed Robin
  1351 | D:3      | Reached skill level 7 in Unarmed Combat
  1581 | D:3      | Noticed Terence
  1586 | D:3      | Killed Terence
  1971 | D:3      | Found a basalt altar of Yredelemnul.
  2084 | D:4      | Reached XP level 6. HP: 44/59 MP: 3/3
  2134 | D:4      | Noticed Sigmund
  2142 | D:4      | Killed Sigmund
  2176 | D:4      | Reached skill level 8 in Unarmed Combat
  2470 | D:4      | Reached XP level 7. HP: 63/66 MP: 3/3
  2540 | D:4      | Found a sand-covered staircase.
  2547 | Ossuary  | Entered an ossuary
  2671 | Ossuary  | Reached skill level 9 in Unarmed Combat
  2956 | D:5      | Entered Level 5 of the Dungeon
  3371 | D:5      | Reached skill level 10 in Unarmed Combat
  3393 | D:5      | Reached XP level 8. HP: 69/74 MP: 3/3
  3677 | D:5      | Found a glowing golden altar of the Shining One.
  4111 | D:6      | Reached skill level 11 in Unarmed Combat
  4536 | D:6      | Reached skill level 12 in Unarmed Combat
  4758 | D:6      | Reached XP level 9. HP: 27/80 MP: 4/4
  5026 | D:7      | Found a staircase to the Ecumenical Temple.
  5032 | Temple   | Entered the Ecumenical Temple
  5189 | Temple   | Became a worshipper of Cheibriados the Contemplative
  5715 | D:8      | Reached skill level 13 in Unarmed Combat
  5786 | D:8      | Acquired Cheibriados' first power
  5893 | D:8      | Noticed Kemay's ghost (experienced OpTm)
  5904 | D:8      | Killed Kemay's ghost
  5904 | D:8      | Reached skill level 14 in Unarmed Combat
  6137 | D:8      | Reached XP level 10. HP: 82/88 MP: 4/4
  6160 | D:8      | Found an opulent altar of Gozag.
  6346 | D:8      | Acquired Cheibriados' second power
  6584 | D:9      | Reached skill level 15 in Unarmed Combat
  6608 | D:9      | Reached skill level 1 in Evocations
  6722 | D:9      | Found a staircase to the Lair.
  6762 | D:9      | Acquired Cheibriados' third power
  7111 | D:9      | Reached skill level 1 in Invocations
  7729 | Lair:1   | Entered Level 1 of the Lair of Beasts
  7985 | Lair:1   | Noticed a black mamba
  7990 | Lair:1   | Killed a black mamba
  8075 | Lair:1   | Reached skill level 5 in Invocations
  8105 | Lair:1   | Noticed a black mamba
  8115 | Lair:1   | Killed a black mamba
  8209 | Lair:1   | Reached XP level 11. HP: 34/94 MP: 14/16
  9259 | Lair:2   | Noticed Gastronok
  9274 | Lair:2   | Killed Gastronok
 10046 | Lair:3   | Noticed a seven-headed hydra
 10052 | Lair:3   | Killed an eight-headed hydra
 10052 | Lair:3   | Reached skill level 10 in Invocations
 10295 | Lair:3   | Gained mutation: You are agile. (Dex +2) [potion of beneficial mutation]
 10914 | Lair:3   | Noticed a six-headed hydra
 10921 | Lair:3   | Killed a nine-headed hydra
 11091 | Lair:4   | Reached skill level 5 in Dodging
 11091 | Lair:4   | Reached XP level 12. HP: 79/104 MP: 22/22
 11387 | Lair:4   | Noticed a six-headed hydra
 11395 | Lair:4   | Killed a 11-headed hydra
 11738 | Lair:4   | Found a staircase to the Shoals.
 11743 | Lair:4   | HP: 2/104 [merfolk/trident (18)]
 11743 | Lair:4   | Mangled by a merfolk

Action                   |  1- 3 |  4- 6 |  7- 9 | 10-12 || total
-------------------------+-------+-------+-------+-------++-------
Melee: Unarmed           |    68 |   136 |   354 |   449 ||  1007
Evoke: Wand              |       |       |       |     6 ||     6
  Use: Scroll            |     1 |     8 |    15 |    10 ||    34
       Potion            |       |     1 |       |    12 ||    13
 Stab: Sleeping          |       |       |     3 |     5 ||     8
       Distracted        |       |       |       |     2 ||     2
  Eat: Chunk             |     9 |    17 |    30 |    34 ||    90
